 Dungeon Crawl Stone Soup version 0.27.1-33-g824d729ab1 (webtiles) character file.

Game seed: 10859756302395615422

100 Gildeon the Poker (level 5, 0/40 (41) HPs)
             Began as a Formicid Fighter on Dec 25, 2021.
             Was an Initiate of Cheibriados.
             Succumbed to a scorpion's poison
             ... on level 3 of the Dungeon.
             The game lasted 00:10:56 (3269 turns).

Gildeon the Poker (Formicid Fighter)                Turns: 3269, Time: 00:10:56

HP:   0/40 (41)     AC: 11    Str: 22    XL:     5   Next: 3%
MP:   5/5           EV:  6    Int:  9    God:    Cheibriados [......]
Gold: 169           SH:  9    Dex: 11    Spells: 4/4 levels left

rFire    . . .     SeeInvis +   b - +0 great mace
rCold    . . .     Faith    .   c - +0 kite shield
rNeg     . . .     Spirit   .   o - +0 chain mail
rPois    .         Reflect  .   (helmet unavailable)
rElec    .         Harm     .   m - +0 cloak
rCorr    .         Rampage  .   e - +0 pair of gloves
Will     .....                  (no boots)
Stlth    ..........             (no amulet)
HPRegen  0.13/turn              (no ring)
MPRegen  0.09/turn              (no ring)

@: lethally poisoned (0 -> -9), lightly drained, very slow
A: permanent stasis, dig shafts and tunnels, antennae 3, four strong arms
a: Dig, Shaft Self, Renounce Religion, Bend Time


You were on level 3 of the Dungeon.
You worshipped Cheibriados.
Cheibriados was noncommittal.
You visited 1 branch of the dungeon, and saw 4 of its levels.

You collected 169 gold pieces.

Inventory:

Hand Weapons
 b - a +0 great mace (weapon)
Armour
 c - a +0 kite shield (worn)
 e - a +0 pair of gloves (worn)
 m - a +0 cloak (worn)
 o - a +0 chain mail (worn)
Magical Staves
 i - a staff of death
Scrolls
 a - a scroll of blinking {unknown}
 f - a scroll of acquirement {unknown}
 j - a scroll of silence {unknown}
 k - 4 scrolls of teleportation {unknown}
 l - a scroll of torment {unknown}
 n - a scroll of enchant armour {unknown}
Potions
 d - 2 potions of might
 g - a potion of berserk rage {unknown}


   Skills:
 + Level 3.5 Fighting
 + Level 0.9 Maces & Flails
 - Level 4.4 Polearms
 - Level 3.2 Armour
 - Level 3.6 Shields


You had 4 spell levels left.
You didn't know any spells.
Your spell library contained the following spells:

 Spells                   Type           Power      Damage    Failure   Level
 Corpse Rot               Necr/Air       N/A        N/A       100%        2
 Poisonous Vapours        Pois/Air       0%         N/A       100%        2
 Gell's Gravitas          Tloc           0%         N/A       100%        3
 Teleport Other           Tloc           0%         N/A       100%        3
 Freezing Cloud           Conj/Ice/Air   0%         6-21      100%        5
 Dispersal                Tloc           0%         N/A       100%        6


Dungeon Overview and Level Annotations

Branches:
Dungeon (4/15)
 Temple: D:4-7

Altars:
Cheibriados


Innate Abilities, Weirdness & Mutations

You cannot be hasted, slowed, berserked, paralysed or teleported.
You can dig through walls and to a lower floor.
You have a pair of large antennae on your head. (SInv)
Your four strong arms can wield two-handed weapons with a shield.


Message History

A scorpion comes into view.
Your chain mail prevents you from hitting the necrophage.
The necrophage hits you.
The necrophage hits you but does no damage.
You closely miss the necrophage. The necrophage barely misses you.
You block the necrophage's attack.
You hit the necrophage.
The necrophage is moderately damaged.
The necrophage barely misses you.
The necrophage hits you but does no damage.
The scorpion stings you.
You are poisoned.
The scorpion poisons you!
You feel very sick. You block the necrophage's attack. The scorpion stings you!
You feel sick. You block the necrophage's attack.
You feel sick. You block the scorpion's attack.
There is a stone staircase leading up here.
You feel sick. The necrophage hits you.
* * * LOW HITPOINT WARNING * * *
You feel drained.
* * * LOW HITPOINT WARNING * * *
The scorpion stings you but does no damage.
You climb upwards.
You feel sick.
There is a stone staircase leading down here.
Okay, then.
You feel sick.
The scorpion stings you but does no damage.
You feel sick.
You are no longer poisoned.
The scorpion stings you.
* * * LOW HITPOINT WARNING * * *
You block the scorpion's attack.
The scorpion stings you but does no damage.
You block the scorpion's attack. The scorpion stings you.
* * * LOW HITPOINT WARNING * * *
You are lethally poisoned!
The scorpion poisons you!
You die...

#..#.#.#..#.#.....#.#...# #
#.........#.#####.#.....###
#..#.#.#..#.............'..
#...........#####.#.....###
#.##.#.###...####.#.....#
#.##...# #..............#
#.##.### #sn........#.###
#.##.#####..........#..#
#.#.......@.........##.##
##.#.#####<#+#.......##..###
#..........#.........###....
#..#..####.###.......###.##.
#.....####.# ###............
#........#.# #.###.###....
#..#.#.#.#.# #.#.....#....
#..........# #.#.#.#.#.#..
#..#.#.#.### #............


You could see a necrophage and a scorpion.

Vanquished Creatures
  3 adders
  2 worms (D:2)
  2 dart slugs
  An orc (D:3)
  6 endoplasms
  5 giant cockroaches
  5 goblins
  8 hobgoblins
  3 quokkas
  5 ball pythons
  6 bats
  5 frilled lizards
  4 kobolds
  6 rats
61 creatures vanquished.

Notes
Turn   | Place    | Note
-------+----------+-------------------------------------------
     0 | D:1      | Gildeon the Formicid Fighter began the quest for the Orb.
     0 | D:1      | Reached XP level 1. HP: 18/18 MP: 1/1
    85 | D:1      | Reached XP level 2. HP: 15/24 MP: 2/2
   316 | D:1      | Reached skill level 3 in Polearms
   512 | D:1      | Reached XP level 3. HP: 28/29 MP: 3/3
   608 | D:1      | Found a faded altar of an unknown god.
  1194 | D:2      | Reached skill level 4 in Polearms
  1194 | D:2      | Reached XP level 4. HP: 28/35 MP: 4/4
  1613 | D:2      | You fall into a shaft and drop 1 floor!
  1836 | D:3      | Found a snail-covered altar of Cheibriados.
  1842 | D:3      | Became a worshipper of Cheibriados the Contemplative
  3003 | D:4      | Noticed a scorpion
  3051 | D:3      | Reached XP level 5. HP: 21/41 MP: 5/5
  3246 | D:4      | Noticed a necrophage
  3269 | D:3      | Succumbed to a scorpion's poison

Illustrated notes

Levels and vault maps discovered:
D:1:      shiori_arrival_maze, layout_rooms,
          shapermc_ecumenical_altar_flowoftime, minmay_heptomino_l4
D:2:      layout_basic
D:3:      layout_basic, mainiacjoe_overflow_small_starburst, serial_glass,
          glass_columns_a, glass_columns_b, glass_columns_c, glass_columns_a,
          glass_columns_c, glass_columns_b, glass_columns_b, glass_columns_a,
          glass_columns_c, glass_columns_a
D:4:      layout_loops_ring, jmf_multi_god_temple,
          mainiacjoe_overflow_surrounded_room,
          mainiacjoe_overflow_cross_hatched, minmay_temple_entry_glass

Skill      XL: |  1  2  3 |
---------------+----------+-----
Polearms       | 3 4 |  4.4
Fighting       | |  3.5
Maces & Flails | |  0.9
Armour         | |  3.2
Shields        | |  3.6

Action                   |  1- 3 |  4- 6 || total
-------------------------+-------+-------++-------
Melee: Trident           |   118 |    33 ||   151
       Great mace        |       |    98 ||    98
  Use: Scroll            |       |     1 ||     1
Armor: Scale mail        |    51 |    13 ||    64
       Chain mail        |       |    98 ||    98
Dodge: Dodged            |    43 |    50 ||    93
Block: Kite shield       |    63 |   119 ||   182
